 Dungeon Crawl Stone Soup version 0.32-a0-886-g41c5271027 (webtiles) character file.

Game seed: 11037758274940416976

187 Alarak the Chopper (level 5, -7/42 HPs)
             Began as a Demonspawn Fighter on Apr 2, 2024.
             Mangled by a gnoll
             ... wielding a +0 flail
              (9 damage)
             ... on level 2 of the Dungeon.
             The game lasted 00:03:07 (781 turns).

Alarak the Chopper (Demonspawn Fighter)              Turns: 781, Time: 00:03:08

Health: -7/42      AC:  8    Str: 19    XL:     5   Next: 39%
Magic:  5/5        EV:  8    Int:  8    God:
Gold:   48         SH:  4    Dex: 12    Spells: 4/4 levels left

rFire   . . .        a - +1 war axe
rCold   . . .        c - +0 buckler
rNeg    . . .        b - +0 scale mail
rPois   .            (no helmet)
rElec   .            (no cloak)
rCorr   .            d - +0 pair of gloves
SInv    .            (no boots)
Will    .....        (no amulet) Stlth
                     (no ring)
HPRegen 0.27/turn    (no ring)
MPRegen 0.09/turn

%: no passive effects
@: no status effects
A: rugged brown scales 1, demonic guardian 1, powered by pain 1
a: no special abilities


You were on level 2 of the Dungeon.
You visited 1 branch of the dungeon, and saw 2 of its levels.

You collected 48 gold pieces.

Inventory:

Hand Weapons
 a - a +1 war axe (weapon)
Missiles
 f - 6 poisoned darts (quivered)
Armour
 b - a +0 scale mail (worn)
 c - a +0 buckler (worn)
 d - a +0 pair of gloves (worn)
Potions
 e - a potion of attraction {unknown}
 h - a potion of heal wounds {unknown}


   Skills:
 - Level 3.0 Fighting
 + Level 5.2 Axes
 - Level 2.6 Armour
 - Level 2.6 Shields


You had 4 spell levels left.
You didn't know any spells.
Your spell library contained the following spells:

 Spells                   Type           Power      Damage    Failure   Level
 Mercury Vapours          Alch/Air       0%         N/A       94%         2
 Mephitic Cloud           Conj/Alch/Air  0%         N/A       99%         3
 Freezing Cloud           Conj/Ice/Air   0%         6-21      100%        5


Dungeon Overview and Level Annotations

Branches:
Dungeon (2/15)

Altars:


Innate Abilities, Weirdness & Mutations

You are partially covered in rugged brown scales. (AC +1, +3% HP)
A weak demonic guardian rushes to your aid.
You sometimes gain a little power by taking damage.


Message History

Your movement speed is average.
Your attack delay is about 1.2.
Your damage rating with your +1 war axe is about 16 (Base 11 x 122% (Str) x 115% (Skill) + 1 (Ench)).
There is a stone staircase leading up, spattered with blood here.
The goblin shouts!
A gnoll comes into view. It is wielding a +0 halberd.
A gnoll comes into view. It is wielding a +0 flail.
The goblin hits you but does no damage. The goblin hits you with a +0 dagger.
The gnoll shouts!
You block the goblin's attack.
You hit the goblin.
You kill the goblin!
You slash the ball python!
You kill the ball python!
You hit the goblin.
The goblin is moderately wounded.
The goblin hits you with a +0 club.
A gnoll comes into view. It is wielding a +0 halberd.
The goblin hits you but does no damage.
The gnoll shouts!
You hit the goblin.
You kill the goblin!
You hit the gnoll.
The gnoll is heavily wounded.
The gnoll hits you with a +0 flail!
A demonic guardian appears!
You barely miss the gnoll.
The gnoll is heavily wounded.
The gnoll hits you from afar with a +0 halberd!
The gnoll hits you but does no damage.
You swap places.
The gnoll hits you from afar with a +0 halberd.
* * * LOW HITPOINT WARNING * * *
The gnoll hits you with a +0 flail!
* * * LOW HITPOINT WARNING * * *
Your white imp closely misses the gnoll.
The gnoll attacks as it pursues you! You block the gnoll's attack.
Your white imp barely misses the gnoll.
There is a stone staircase leading up, spattered with blood here.
The gnoll barely misses your white imp. The gnoll hits you with a +0 flail!
You die...

#..........##
#......[....
...........# #
.....<...
#.###?....#
#.(.......#.#...
#....)...!# ##
#.)).##.#....
... #.†@..#..##
. #....#g.......
.#...##5##....##
.......g.......#
......##...###.#
##... #.### ...
.... ..# .. #...
##[. . ..#


You could see 2 gnolls and a friendly white imp (summoned).

Vanquished Creatures
  Sigmund (D:2)
  2 bats (D:1)
  An endoplasm (D:1)
  2 giant cockroaches (D:1)
  4 goblins
  5 hobgoblins
  A quokka (D:1)
  6 ball pythons
  A frilled lizard (D:1)
  4 kobolds
  A rat (D:1)
28 creatures vanquished.

Notes
Turn   | Place    | Note
-------+----------+-------------------------------------------
     0 | D:1      | Alarak the Demonspawn Fighter began the quest for the Orb.
     0 | D:1      | Reached XP level 1. HP: 18/18 MP: 1/1
    62 | D:1      | Reached skill level 2 in Axes
   247 | D:1      | Gained mutation: You sometimes gain a little power by
                  | taking damage. [demonic ancestry]
   247 | D:1      | Reached XP level 2. HP: 16/24 MP: 2/2
   587 | D:2      | Found the +4 skin of Zhor {*Englaciate rC+++ SInv}
   593 | D:2      | Reached skill level 3 in Axes
   596 | D:2      | Noticed Sigmund
   760 | D:2      | Killed Sigmund
   761 | D:2      | Reached skill level 5 in Axes
   761 | D:2      | Gained mutation: A weak demonic guardian rushes to your
                  | aid. [demonic ancestry]
   761 | D:2      | Reached XP level 3. HP: 28/29 MP: 3/3
   761 | D:2      | Reached XP level 4. HP: 34/35 MP: 4/4
   761 | D:2      | Gained mutation: You are partially covered in rugged brown
                  | scales. (AC +1, +3% HP) [demonic ancestry]
   761 | D:2      | Reached XP level 5. HP: 34/42 MP: 5/5
   778 | D:2      | HP: 1/42 [gnoll/+0 flail (8)]
   781 | D:2      | Mangled by a gnoll

Illustrated notes

Levels and vault maps discovered:
D:1:      evilmike_arrival_home_sweet_home, layout_rooms
D:2:      layout_rooms, ebering_ecumenical_altar_abandoned, minmay_tromino_i4,
          uniq_sigmund

Skill      XL: |  1  2 |
---------------+-------+-----
Axes           | 2 5 |  5.2
Fighting       | |  3.0
Armour         | |  2.6
Shields        | |  2.6

Action                     |  1- 3 |  4- 6 || total
---------------------------+-------+-------++-------
  Melee: War axe           |    92 |     6 ||    98
    Use: Scroll            |     3 |       ||     3
         Potion            |     1 |       ||     1
 Armour: Scale mail        |    83 |    10 ||    93
  Dodge: Dodged            |    45 |       ||    45
  Block: Buckler           |    26 |     2 ||    28

Table legend: (Time is in decaauts)
 A = Elapsed time spent in this place.
 B = Non-inter-level travel time spent in this place.
 C = Inter-level travel time spent in this place.
 D = Time resting spent in this place.
 E = Time spent auto-exploring this place.
 F = Levels seen in this place.
 G = Mean time per level.
                   A        B        C        D        E       F      G
               +--------+--------+--------+--------+--------+-----+--------+
         Total |    824 |    809 |     15 |    180 |    386 |   2 |  412.0 |
       Dungeon |    824 |    809 |     15 |    180 |    386 |   2 |  412.0 |
               +--------+--------+--------+--------+--------+-----+--------+

Top non-repeatable levels by time:
     D:1: 762 daAuts
     D:2: 62 daAuts
